 Dungeon Crawl Stone Soup version 0.31-a0-981-geadf994542 (webtiles) character file.

Game seed: 17530352378517950539

213030 grimpoem the Bludgeoner (level 18, -14/173 HPs)
             Began as a Minotaur Fighter on Nov 1, 2023.
             Was a Believer of Uskayaw.
             Killed from afar by Mara (illusionary) (27 damage)
             ... with a bolt of fire
             ... on level 4 of the Shoals on Nov 2, 2023.
             The game lasted 03:45:19 (36058 turns).

grimpoem the Bludgeoner (Minotaur Fighter)         Turns: 36058, Time: 03:45:19

Health: -14/173    AC: 31    Str: 28    XL:     18   Next: 26%
Magic:  28/28      EV:  7    Int:  5    God:    Uskayaw [**....]
Gold:   2023       SH: 24    Dex: 17    Spells: 17/17 levels left

rFire   + . .        Y - +3 demon whip (venom)
rCold   . . .        t - +0 tower shield
rNeg    + . .        C - +1 plate armour {Will+}
rPois   .            b - +2 hat {Will+}
rElec   .            l - +0 cloak
rCorr   +            Z - +1 pair of gloves {Dex+3}
SInv    .            B - +0 pair of boots
Will    +++..        H - amulet of reflection Stlth
                     a - ring "Zofaunt" {rN+ rCorr AC+4 Dex+3}
HPRegen 0.48/turn    z - ring of protection from fire
MPRegen 0.21/turn

%: reflection
@: about to teleport, studying Unarmed Combat
A: horns 2, retaliatory headbutt
}: 1/15 runes: gossamer
a: Renounce Religion, Stomp, Line Pass


You were on level 4 of the Shoals.
You worshipped Uskayaw.
Uskayaw was pleased with you.
You visited 5 branches of the dungeon, and saw 29 of its levels.
You visited the Abyss 1 time.
You also visited: Sewer and Bailey.

You collected 4217 gold pieces.
You spent 2194 gold pieces at shops.

Inventory:

Hand Weapons
 M - a +8 dire flail of draining
 Y - a +3 demon whip of venom (weapon)
Missiles
 F - 6 throwing nets
 I - 13 curare-tipped darts
Armour
 b - a +2 hat of willpower (worn)
 l - a +0 cloak (worn)
 t - a +0 tower shield (worn)
 B - a +0 pair of boots (worn)
 C - a +1 plate armour of willpower (worn)
 J - a +0 plate armour of poison resistance
 Z - a +1 pair of gloves of dexterity (worn)
Jewellery
 a - the ring "Zofaunt" (left hand) {rN+ rCorr AC+4 Dex+3}
   (You acquired it on level 2 of the Orcish Mines)

   [ring of protection]

   AC+4:      It affects your AC (+4).
   Dex+3:     It affects your dexterity (+3).
   rN+:       It protects you from negative energy.
   rCorr:     It protects you from acid and corrosion.
 q - a ring of magical power
 r - an amulet of regeneration
 z - a ring of protection from fire (right hand)
 H - an amulet of reflection (around neck)
 K - the ring "Peuhekha" {Ice Fly Slay+2}
   (You took it off a centaur warrior on level 8 of the Dungeon)

   [ring of ice]

   Ice:       It enhances your ice magic.
   Slay+2:    It affects your accuracy & damage with ranged weapons and melee
   (+2).
   rF-:       It makes you vulnerable to fire.
   rC+:       It protects you from cold.
   Fly:       It grants you flight.
 L - a ring of protection from cold
Wands
 u - a wand of flame (31)
 w - a wand of digging (9)
 x - a wand of acid (5)
 Q - a wand of charming (4)
 S - a wand of iceblast (15)
 T - a wand of mindburst (3)
 X - a wand of polymorph (10)
Scrolls
 g - 9 scrolls of teleportation
 h - 2 scrolls of poison
 j - 6 scrolls of immolation
 m - 4 scrolls of enchant armour
 n - 2 scrolls of fog
 v - a scroll of summoning {unknown}
 O - 2 scrolls of vulnerability
 P - a scroll of revelation
 V - 2 scrolls of silence
Potions
 d - 2 potions of might
 e - 12 potions of curing
 f - a potion of magic
 i - 7 potions of cancellation
 k - 5 potions of enlightenment
 o - 2 potions of invisibility
 p - 2 potions of berserk rage
 A - 2 potions of haste
 D - 6 potions of mutation
 E - 7 potions of ambrosia
 G - 6 potions of brilliance
 R - 3 potions of attraction
 U - 5 potions of lignification
Miscellaneous
 c - a phial of floods
 s - a lightning rod (1/4)
 y - a box of beasts (inert)
 N - a phantom mirror


   Skills:
 + Level 18.3 Fighting
 - Level 2.4(12.5) Axes
 - Level 18.7(18.8) Maces & Flails
 + Level 18.5 Armour
 + Level 14.5 Shields
 + Level 15.0 Invocations
 + Level 9.0 Evocations


You had 17 spell levels left.
You didn't know any spells.
Your spell library contained the following spells:

 Spells                   Type           Power      Damage    Failure   Level
 Foxfire                  Conj/Fire      0%         2x1d4     99%         1
 Freeze                   Ice            0%         1d3       99%         1
 Magic Dart               Conj           0%         1d3       99%         1
 Sting                    Tmut/Pois      0%         1d3       99%         1
 Summon Small Mammal      Summ           0%         N/A       99%         1
 Blink                    Tloc           0%         N/A       100%        2
 Lesser Beckoning         Tloc           0%         N/A       100%        2
 Poisonous Vapours        Pois/Air       0%         N/A       100%        2
 Searing Ray              Conj           0%         2d4       100%        2
 Sublimation of Blood     Necr           0%         N/A       100%        2
 Wereblood                Tmut           0%         N/A       100%        2
 Call Canine Familiar     Summ           0%         N/A       100%        3
 Frozen Ramparts          Ice            0%         1d1       100%        3
 Gell's Gravitas          Tloc           0%         N/A       100%        3
 Hailstorm                Conj/Ice       0%         3d3       100%        3
 Inner Flame              Hex/Fire       0%         N/A       100%        3
 Summon Guardian Golem    Hex/Summ       0%         N/A       100%        3
 Teleport Other           Tloc           0%         N/A       100%        3
 Fulminant Prism          Conj/Hex       0%         3d5       100%        4
 Manifold Assault         Tloc           0%         N/A       100%        4
 Olgreb's Toxic Radiance  Pois           0%         N/A       100%        4
 Petrify                  Tmut/Erth      0%         N/A       100%        4
 Vhi's Electric Charge    Tloc/Air       0%         N/A       100%        4
 Alistair's Intoxication  Tmut/Pois      0%         N/A       100%        5
 Arcjolt                  Conj/Air       0%         1d10      100%        5
 Borgnjor's Vile Clutch   Necr/Erth      0%         N/A       100%        5
 Irradiate                Conj/Tmut      0%         3d11      100%        5
 Iskenderun's Battlesphe  Conj           0%         2d6       100%        5
 Metabolic Englaciation   Hex/Ice        0%         N/A       100%        5
 Yara's Violent Unravell  Hex/Tmut       0%         3d3       100%        5
 Bombard                  Conj/Erth      0%         9d1       100%        6
 Eringya's Noxious Bog    Tmut/Pois      0%         4d6       100%        6
 Plasma Beam              Fire/Air       0%         2x1d10    100%        6
 Starburst                Conj/Fire      0%         6d3       100%        6
 Enfeeble                 Hex            0%         N/A       100%        7
 Spellforged Servitor     Conj/Summ      0%         N/A       100%        7
 Summon Hydra             Summ           0%         N/A       100%        7


Dungeon Overview and Level Annotations

Branches:
Dungeon (14/15)            Temple (0/1) D:4            Lair (5/5) D:10
 Shoals (4/4) Lair:2       Spider (4/4) Lair:3        Slime (0/5) Lair:5
    Orc (2/2) D:11            Elf (0/3) Orc:2        Vaults (0/5) D:13
  Sewer (visited)          Bailey (visited)

Altars:
Ashenzari
Fedhas
Kikubaaqudgha
Nemelex Xobeh
Ru
Sif Muna
Uskayaw
Zin
Jiyva
Lugonu

Shops:
D:1 *   D:3 (   D:4 *   D:5 [   D:14 *   Orc:2 =[*!   Shoals:1 *

Portals:
Abyss: Lair:5

Annotations:
D:9 2 transporters, Shayle's ghost, novice TeHs
Lair:5 exclusion: oklob plant
Shoals:4 Mara
Spider:4 3 runed translucent doors, Efitz's ghost, adept DECj
Orc:1 1 runed translucent door


Innate Abilities, Weirdness & Mutations

You have a pair of horns on your head.
You reflexively headbutt those who attack you in melee.


Message History

You feel very sick.
Mara blinks!
You block Mara's attack. Mara gestures at you. The bolt of fire hits you!
You resist. Grimpoem's illusion hits you!
You whack Mara!
Mara is moderately wounded.
You feel very sick.
Mara's face changes twice.
Mara hits you with a +4 demon trident of venom!!
You are more poisoned.
As you read the scroll of teleportation, it crumbles to dust.
You feel strangely unstable.
You feel extremely sick. You block grimpoem's illusion's attack.
Mara gestures at you. The bolt of fire misses you. You block Mara's attack.
You feel better. Grimpoem's illusion hits you.
* * * LOW HITPOINT WARNING * * *
You are poisoned.
Mara hits you but does no damage.
You are more poisoned.
You hit Mara but do no damage. You headbutt Mara, but do no damage.
Mara is moderately wounded.
You feel very sick. Grimpoem's illusion hits you!
* * * LOW HITPOINT WARNING * * *
You are lethally poisoned!
You whack Mara! You headbutt Mara.
Mara is heavily wounded.
* * * LOW HITPOINT WARNING * * *
You feel very sick.
Mara blinks!
Mara gestures at you. The bolt of fire hits you!! You resist.
* * * LOW HITPOINT WARNING * * *
You block grimpoem's illusion's attack.
You feel better. You block Mara's attack. Mara gestures at you.
The bolt of fire hits you!! You resist.
You die...

PPP..##...##..<...~≈≈≈≈≈≈≈≈≈~~
~P~P.~#...).#............~~~~~~
~~P.~~#..[))'..............~~~.
~..~..#...).#.~.......~~.#.~...
~~~~..##...##.........~~.......
~~~~...#####.........~~~~~.~~~~
~~~~................~≈≈≈≈~~~..~
~~~.....R..<..@....~~≈≈≈≈~≈~..~
~~~........R..@..~~..~≈≈≈≈≈~.~≈
~~~...........~R~≈~.~.~~~~≈~~≈~
~~~..##'##....~≈≈≈≈≈~~~~~~≈≈≈~~
~~~~##..†##...~≈≈≈≈≈≈≈≈≈≈≈≈≈≈≈≈
≈~~ #..†).#....≈≈≈≈≈≈≈≈≈≈≈ ≈~
#..|..#...~~≈≈≈≈≈≈≈≈≈≈ ≈~~
#.....#..PP~≈≈≈≈≈≈≈≈≈≈
~~~~##...##..~PP≈≈≈≈≈≈≈≈≈≈
~~~~~#####.~~PPP§§§≈≈≈≈≈≈≈≈≈≈≈


You could see 3 Maras and grimpoem's illusion.

Vanquished Creatures
  Arachne (Spider:3)
  A kraken (Shoals:3)
  Roxanne (Shoals:3)
  3 emperor scorpions (Spider:4)
  Louise (Spider:4)
  8 ghost moths
  A broodmother (Spider:1)
  2 spark wasps
  2 merfolk javelineers (Shoals:4)
  2 entropy weavers
  9 merfolk impalers
  The ghost of Taczaky the Blocker, a journeyman MiFi of Ashenzari (Shoals:2)
  Fannar (Lair:3)
  A rakshasa (D:13)
  4 vault guards (D:13)
  3 radroaches
  6 merfolk avatars
  Erica (D:8)
  6 centaur warriors
  5 alligator snapping turtles
  2 jorogumos
  2 two-headed ogres
  2 catoblepae
  A merfolk aquamancer (Shoals:2)
  3 boulder beetles
  3 satyrs (Shoals:3)
  A tengu warrior (D:14)
  14 demonic crawlers
  3 thrashing horrors (Lair:5)
  Urug (Orc:1)
  5 death yaks (Lair:4)
  Sonja (Lair:2)
  3 orc high priests (Orc:2)
  An occultist (D:10)
  Nergalle (Orc:1)
  Amaemon (Lair:3)
  10 pharaoh ants
  3 skysharks
  7 orb spiders
  3 skeletal warriors (D:12)
  12 sea snakes
  Lodul (D:13)
  3 steelbarb worms
  3 deep elf pyromancers
  19 harpies
  4 orc knights (Orc:2)
  6 ugly things
  29 wolf spiders
  4 orc sorcerers (Orc:2)
  A wolf spider (shapeshifter) (D:10)
  15 fauns
  10 manticores
  4 moths of wrath
  12 cyclopes
  Maurice (D:8)
  Joseph (D:8)
  A smoke demon (Lair:5)
  9 water nymphs
  6 torpor snails
  8 merfolk sirens
  Maggie (D:7)
  14 elephants
  4 black mambas
  2 gargoyles (D:12)
  2 unseen horrors (D:13)
  12 cane toads
  A rime drake (Lair:2)
  An orange demon (Lair:3)
  3 komodo dragons
  27 merfolk
  7 trolls
  6 meliai
  19 tarantellas
  7 hornets
  A queen bee (Spider:2)
  3 polar bears
  Prince Ribbit (Lair:2)
  A tarantella (shapeshifter) (D:13)
  Grinder (D:5)
  12 snapping turtles
  2 raiju (Lair:5)
  8 dream sheep
  24 blink frogs
  35 jumping spiders
  5 slime creatures (D:12)
  11 small abominations (Lair:5)
  3 shadows
  A ynoxinul (Lair:5)
  A spriggan (shapeshifter) (D:13)
  26 culicivoras
  9 water elementals
  4 wraiths
  42 yaks
  A vampire (D:14)
  3 basilisks
  5 wyverns
  A human (shapeshifter) (D:14)
  A basilisk (shapeshifter) (Lair:5)
  23 vampire mosquitoes
  3 chaos spawn (Lair:5)
  2 steam dragons (D:7)
  47 redbacks
  A warg (Orc:1)
  2 large abominations (Lair:5)
  17 water moccasins
  A black bear (D:6)
  25 orc warriors
  2 sky beasts (D:6)
  12 ogres
  6 wolves
  18 centaurs
  4 phantoms
  11 bullfrogs
  A gnoll sergeant (D:6)
  10 kobold brigands
  3 scorpions
  10 wights
  20 killer bees
  3 howler monkeys
  2 electric eels (Spider:4)
  5 jellies
  2 centaur zombies (D:8)
  16 orc priests
  Crazy Yiuf (D:7)
  3 hounds
  2 gnoll boudas (D:7)
  An iguana (D:6)
  Terence (D:2)
  A sleepcap (D:8)
  16 orc wizards
  4 hell rats (Lair:4)
  A killer bee zombie (D:8)
  10 gnolls
  13 adders
  A shadow imp (D:6)
  A white imp (D:7)
  4 worms
  5 dart slugs
  92 orcs
  6 bats
  4 endoplasms
  6 giant cockroaches
  10 goblins
  9 hobgoblins
  7 quokkas
  14 ball pythons
  9 frilled lizards
  25 kobolds
  9 rats
1083 creatures vanquished.

Vanquished Creatures (collateral kills)
  A merfolk impaler (Shoals:4)
  2 merfolk aquamancers (Shoals:4)
  A merfolk avatar (Shoals:4)
4 creatures vanquished.

Vanquished Creatures (others)
  2 manticores
  A wraith (D:13)
  2 gnolls (D:7)
  27 tentacles (Shoals:3)
32 creatures vanquished.

Grand Total: 1119 creatures vanquished

Notes
Turn   | Place    | Note
-------+----------+-------------------------------------------
     0 | D:1      | grimpoem the Minotaur Fighter began the quest for the Orb.
     0 | D:1      | Reached XP level 1. HP: 19/19 MP: 0/0
    62 | D:1      | Found Venus's Assorted Antiques.
    68 | D:1      | Reached skill level 1 in Maces & Flails
   103 | D:1      | Reached XP level 2. HP: 21/27 MP: 1/1
   827 | D:2      | Reached XP level 3. HP: 30/33 MP: 2/2
  1169 | D:2      | Found a faded altar of an unknown god.
  1226 | D:2      | Found a glowing silver altar of Zin.
  1257 | D:2      | Noticed Terence
  1263 | D:2      | Killed Terence
  1264 | D:2      | Reached XP level 4. HP: 27/40 MP: 3/3
  1643 | D:3      | Reached XP level 5. HP: 22/47 MP: 4/4
  1823 | D:3      | Found Xorott's Weapon Boutique.
  2233 | D:3      | Found a hide-covered altar of Uskayaw.
  2237 | D:3      | Found an ancient bone altar of Kikubaaqudgha.
  2237 | D:3      | Found a sparkling altar of Nemelex Xobeh.
  2240 | D:3      | Found a sacrificial altar of Ru.
  2254 | D:3      | Became a worshipper of Uskayaw the Reveller
  2300 | D:3      | Reached * piety under Uskayaw
  2306 | D:3      | Reached ** piety under Uskayaw
  2479 | D:4      | Identified the +6 whip "Unou" {protect, Fragile Int+9}
  2577 | D:4      | Reached *** piety under Uskayaw
  2580 | D:4      | Reached XP level 6. HP: 39/55 MP: 5/5
  2695 | D:4      | Found Addeaps's Assorted Antiques.
  2704 | D:4      | Bought an embroidered hat for 224 gold pieces
  2770 | D:4      | Found a staircase to the Ecumenical Temple.
  2968 | D:5      | Entered Level 5 of the Dungeon
  2995 | D:5      | Found a shimmering blue altar of Sif Muna.
  3022 | D:5      | Reached skill level 5 in Armour
  3052 | D:5      | Noticed Grinder
  3059 | D:5      | Killed Grinder
  3060 | D:5      | Reached skill level 5 in Fighting
  3060 | D:5      | Reached skill level 5 in Maces & Flails
  3060 | D:5      | Reached skill level 5 in Shields
  3060 | D:5      | Reached XP level 7. HP: 61/61 MP: 6/6
  3084 | D:5      | Found Qewkacvis's Antique Armour Emporium.
  3472 | D:6      | Reached **** piety under Uskayaw
  3481 | D:6      | Reached ***** piety under Uskayaw
  3576 | D:6      | Reached XP level 8. HP: 70/70 MP: 7/7
  3796 | D:6      | Found a glowing drain.
  3800 | Sewer    | Entered a sewer
  5015 | D:7      | Reached skill level 1 in Invocations
  5015 | D:7      | Reached XP level 9. HP: 79/79 MP: 8/8
  5262 | D:7      | Noticed Maggie
  5285 | D:7      | Killed Maggie
  5608 | D:7      | Found a runed translucent door.
  5609 | D:7      | Noticed Crazy Yiuf
  5983 | D:7      | Killed Crazy Yiuf
  6195 | D:8      | Paralysed by a hornet for 2 turns
  6211 | D:8      | Reached skill level 10 in Maces & Flails
  6271 | D:8      | Noticed Maurice
  6280 | D:8      | Killed Maurice
  6316 | D:8      | Noticed a cyclops
  6316 | D:8      | Noticed a troll
  6324 | D:8      | Killed a cyclops
  6325 | D:8      | Reached XP level 10. HP: 90/90 MP: 11/11
  6387 | D:8      | Noticed Erica
  6396 | D:8      | Killed Erica
  6618 | D:8      | Noticed a white ugly thing
  6623 | D:8      | Killed a white ugly thing
  6809 | D:8      | Noticed a catoblepas
  6809 | D:8      | Noticed a deep elf pyromancer
  6809 | D:8      | Identified the ring "Peuhekha" {Ice Fly Slay+2}
  6809 | D:8      | Noticed a centaur warrior
  6817 | D:8      | Killed a centaur warrior
  6825 | D:8      | Killed a catoblepas
  6830 | D:8      | Killed a deep elf pyromancer
  6832 | D:8      | Noticed Joseph
  6838 | D:8      | Reached ****** piety under Uskayaw
  6839 | D:8      | Killed Joseph
  7349 | D:8      | Reached XP level 11. HP: 97/97 MP: 13/13
  7455 | D:9      | Reached skill level 5 in Invocations
  7711 | D:9      | Identified the +6 scale mail of the Coconut {rPois rN+
                  | Str+3}
  7913 | D:9      | Found a transporter.
  7916 | D:9      | Noticed Shayle's ghost (novice TeHs)
  7917 | D:9      | Noticed a tengu warrior
  7936 | D:9      | Found a transporter.
  8361 | D:10     | Entered Level 10 of the Dungeon
  8363 | D:10     | Found a broken altar of Ashenzari.
  8404 | D:10     | Noticed a cyan ugly thing
  8407 | D:10     | Noticed an occultist
  8616 | D:10     | Found a flagged portal.
  8667 | Bailey   | Entered a bailey
  8714 | Bailey   | Reached skill level 10 in Armour
  8775 | Bailey   | Reached skill level 10 in Fighting
  8878 | Bailey   | Found a bloodstained altar of Trog.
  9162 | D:11     | Identified a scroll of acquirement
  9162 | D:11     | Acquired 1044 gold pieces
  9727 | D:11     | Found a staircase to the Orcish Mines.
 10285 | D:12     | Noticed a boulder beetle
 10298 | D:12     | Killed a boulder beetle
 10567 | D:12     | Reached XP level 12. HP: 91/108 MP: 14/16
 10586 | D:12     | Noticed a two-headed ogre
 10592 | D:12     | Killed a two-headed ogre
 11884 | Abyss:3  | Cast into level 3 of the Abyss (an occultist)
 11904 | D:10     | Escaped the Abyss
 11906 | D:10     | Reached skill level 15 in Maces & Flails
 12023 | D:10     | Found a staircase to the Lair.
 12281 | Lair:1   | Entered Level 1 of the Lair of Beasts
 13344 | Lair:2   | Noticed a catoblepas
 13353 | Lair:2   | Killed a catoblepas
 13468 | Lair:2   | Noticed Sonja
 13476 | Lair:2   | Killed Sonja
 13477 | Lair:2   | Reached XP level 13. HP: 118/118 MP: 18/18
 13481 | Lair:2   | Found a staircase to the Shoals.
 13687 | Lair:2   | Noticed Prince Ribbit
 13712 | Lair:2   | Killed Prince Ribbit
 14200 | Lair:3   | Noticed Fannar
 14210 | Lair:3   | Killed Fannar
 14306 | Lair:3   | Noticed Amaemon
 14317 | Lair:3   | Killed Amaemon
 14379 | Lair:3   | Found a hole to the Spider Nest.
 14526 | Lair:3   | Identified the +0 robe of Heheoriolu {-Cast Will+ Regen+}
 15120 | Lair:4   | Identified the "Ytaqasua"
 15227 | Lair:4   | Reached skill level 10 in Shields
 15902 | Lair:5   | Entered Level 5 of the Lair of Beasts
 15964 | Lair:5   | Reached XP level 14. HP: 99/129 MP: 20/20
 16090 | Lair:5   | Identified the +8 quarterstaff of Dishonesty {speed,
                  | Fragile Str-4 Int+3 Dex+7 SInv}
 16117 | Lair:5   | Found a staircase to the Slime Pits.
 16117 | Lair:5   | Found a viscous altar of Jiyva.
 16740 | Lair:5   | Found a corrupted altar of Lugonu.
 16740 | Lair:5   | Found a one-way gate to the infinite horrors of the Abyss.
 16959 | Lair:5   | Reached skill level 10 in Invocations
 17317 | Lair:5   | Found a blossoming altar of Fedhas.
 17706 | Orc:1    | Entered Level 1 of the Orcish Mines
 17710 | Orc:1    | Noticed Urug
 17710 | Orc:1    | Noticed Nergalle
 17717 | Orc:1    | Killed Nergalle
 17722 | Orc:1    | Killed Urug
 18093 | Orc:1    | Found a runed translucent door.
 18096 | Orc:1    | Noticed a balrug
 18163 | Orc:2    | Entered Level 2 of the Orcish Mines
 18198 | Orc:2    | Found a staircase to the Elven Halls.
 19083 | Orc:2    | Found Kaesurch's Distillery.
 19083 | Orc:2    | Found Efire's General Store.
 19084 | Orc:2    | Found Ethegg's Antique Armour Shoppe.
 19084 | Orc:2    | Found Palauk's Jewellery Shoppe.
 19146 | Orc:2    | Bought a scroll of acquirement for 624 gold pieces
 19156 | Orc:2    | Acquired the ring "Zofaunt" {rN+ rCorr AC+4 Dex+3}
 19251 | Orc:2    | Bought a potion of heal wounds for 80 gold pieces
 19251 | Orc:2    | Bought 2 potions of curing for 96 gold pieces
 19251 | Orc:2    | Bought a potion of haste for 160 gold pieces
 19251 | Orc:2    | Bought a potion of heal wounds for 80 gold pieces
 19251 | Orc:2    | Bought a potion of curing for 48 gold pieces
 19251 | Orc:2    | Bought a potion of curing for 48 gold pieces
 19659 | D:13     | Reached XP level 15. HP: 104/139 MP: 22/22
 19663 | D:13     | Noticed Lodul
 19665 | D:13     | Killed Lodul
 20301 | D:13     | Found a gate to the Vaults.
 20804 | D:14     | Found a sparkling altar of Nemelex Xobeh.
 21280 | D:14     | Found Zepsi Diu's Elemental Accessories.
 21777 | Spider:1 | Entered Level 1 of the Spider Nest
 22159 | Spider:1 | Reached skill level 15 in Armour
 22166 | Spider:1 | Reached skill level 1 in Evocations
 22497 | Spider:1 | Reached skill level 15 in Fighting
 23835 | Spider:2 | Identified the +3 dagger "Waloevif" {elec, MP+9 Int+6}
 23854 | Spider:2 | Identified the +1 orcbow of Woe {flame, rC- Str+6 SInv
                  | Stlth+}
 23873 | Spider:2 | Identified the +4 scale mail of Omission {*Corrode rC+
                  | Slay+2 Stlth+}
 24467 | Spider:2 | Reached XP level 16. HP: 149/150 MP: 24/24
 25073 | Spider:3 | Paralysed by a jorogumo for 2 turns
 25857 | Spider:3 | HP: 1/226 [demonic crawler (15)]
 25926 | Spider:3 | Reached skill level 5 in Evocations
 26453 | Spider:3 | Identified the +0 leather armour of Wasted Space {rC+ Int+3
                  | Stlth+}
 26640 | Spider:3 | Noticed Arachne
 26651 | Spider:3 | Killed Arachne
 26977 | Spider:4 | Entered Level 4 of the Spider Nest
 28064 | Spider:4 | Noticed Louise
 28076 | Spider:4 | Killed Louise
 28133 | Spider:4 | Noticed Efitz's ghost (adept DECj)
 28145 | Spider:4 | Found a runed translucent gate.
 28145 | Spider:4 | Found a runed translucent gate.
 28145 | Spider:4 | Found a runed translucent gate.
 28976 | Spider:4 | Reached XP level 17. HP: 154/161 MP: 0/26
 29146 | Spider:4 | Got a gossamer rune of Zot
 29457 | Shoals:1 | Entered Level 1 of the Shoals
 29699 | Orc:2    | Bought an amulet of reflection for 450 gold pieces
 30277 | Shoals:1 | Found a glowing silver altar of Zin.
 30326 | Shoals:1 | Found Nyupn's General Store.
 30331 | Shoals:1 | Bought a scroll of teleportation for 48 gold pieces
 30331 | Shoals:1 | Bought a +2 hat of willpower for 336 gold pieces
 31751 | Shoals:2 | Found a runed translucent door.
 31752 | Shoals:2 | Noticed Taczaky's ghost (journeyman MiFi)
 31779 | Shoals:2 | Killed Taczaky's ghost
 31883 | Shoals:2 | Identified the staff of Teivopes {+Blink rC+ Int+2 Necro
                  | Earth}
 32883 | Shoals:3 | Noticed Roxanne
 33255 | Shoals:3 | Killed Roxanne
 34122 | Shoals:3 | Noticed a kraken
 34122 | Shoals:3 | Noticed a kraken
 34268 | Shoals:3 | Noticed a kraken
 34325 | Shoals:3 | Killed a kraken
 34538 | Shoals:4 | Entered Level 4 of the Shoals
 34868 | Shoals:4 | Reached XP level 18. HP: 166/172 MP: 28/28
 35317 | Shoals:4 | Noticed Mara
 35331 | Shoals:4 | Noticed grimpoem's illusion
 35721 | Shoals:4 | Reached skill level 15 in Invocations
 35728 | Shoals:4 | Identified the +7 short sword of Liqe {holy, *Rage rN++
                  | Str+5}
 36042 | Shoals:4 | Noticed grimpoem's illusion
 36057 | Shoals:4 | HP: 5/173 [Mara/bolt of fire (23)]
 36058 | Shoals:4 | Killed from afar by Mara (illusionary)

Illustrated notes

Levels and vault maps discovered:
D:1:      mushboom_english_gardens, layout_loops_ring, serial_shops, shop,
          chequers_serial_rivers_micro_c, chequers_serial_rivers_micro_a,
          hex_medium, minmay_tall_x
D:2:      layout_basic, basic_altar, hellmonk_ecumenical_altar_lost_god,
          uniq_terence
D:3:      layout_loops_ring, minitemple, serial_shops, shop
D:4:      layout_rooms, minmay_temple_entry_gardened_gates, serial_shops, shop
D:5:      layout_rooms, nicolae_overflow_hidden_temple, serial_shops,
          nicolae_stop_n_shop_2, uniq_grinder
D:6:      nicolae_cairo_tiling, layout_loops_ring,
          mainiacjoe_sewer_entry_somewhere_in_here_2, st_stairs_4
D:7:      layout_gridville, uniq_crazy_yiuf_cottage, uniq_maggie
D:8:      minmay_tri_box, layout_basic, serial_undead, serial_undead_f,
          serial_undead_f, serial_undead_c, serial_undead_a,
          minmay_manual_monstrance, uniq_maurice, uniq_joseph, uniq_erica
D:9:      layout_loops_ring, nzn_ghost_randoct
D:10:     layout_rooms, mainiacjoe_overflow_paths, lair_entry_dummy,
          enter_bailey_5, minmay_diamond_spiral
D:11:     layout_grid_maze, hiddenorc2_lemuel
D:12:     layout_rooms, hex_intersection
D:13:     layout_loops_ring, lightli_vaults_fourway_checkpoint, uniq_lodul
D:14:     layout_roguey, nemelex_xobeh_ov_fountains_minmay,
          nicolae_elemental_shop
Lair:1:   layout_regular_city
Lair:2:   layout_gridlike, minmay_shoals_entry_lonely_mermaid, uniq_sonja,
          uniq_prince_ribbit2
Lair:3:   layout_small_grid, spider_nest_entry_a, serial_bayou_lagoon_b,
          uniq_fannar, uniq_amaemon
Lair:4:   layout_gridlike, beast_lair_carwin_2, serial_bayou_shore_b,
          infiniplex_staircase_pool, serial_bayou_shore_b
Lair:5:   hellmonk_lair_end_abyssal_woods, layout_loops_ring,
          nicolae_slime_entry_field_trip, tgw_fedhas
Shoals:1: layout_shoals, serial_shops, nicolae_shop_hallway_stairs,
          lemuel_centaur_altar
Shoals:2: layout_shoals, ebering_ghost_reflecting_pool,
          nicolae_shoals_square_sea_wall, nicolae_shoals_gull_way
Shoals:3: layout_shoals, nicolae_shoals_kraken_party, uniq_roxanne
Shoals:4: shoals_end_simple, layout_shoals, uniq_mara
Spider:1: layout_chambers, hellmonk_spider_spawner
Spider:2: layout_spider_delve, nicolae_looking_at_the_future
Spider:3: layout_spider_delve, nicolae_spider_webbed_stairs, uniq_arachne
Spider:4: spider_rune_water, gammafunk_ghost_split, uniq_louise
Orc:1:    dreamdust_dug_too_deep, layout_diamond_mine, uniq_urug, uniq_nergalle
Orc:2:    st_orc_elflike, layout_diamond_mine

Skill      XL: |  1  2  3  4  5  6  7  8  9 10 11 12 13 14 15 16 17 18 |
---------------+-------------------------------------------------------+-----
Maces & Flails | 1 2 3 4 5 6 8 10 12 14 16 17 18 | 18.7
Armour         | 4 5 6 7 8 9 10 12 13 14 15 17 18 | 18.5
Fighting       | 4 5 6 7 8 9 10 12 13 14 15 17 18 | 18.3
Shields        | 4 5 6 7 8 9 10 11 12 14 | 14.5
Invocations    | 1 3 4 6 8 9 10 12 13 14 15 | 15.0
Evocations     | 4 6 8 9 |  9.0
Axes           | |  2.4

Action                     |  1- 3 |  4- 6 |  7- 9 | 10-12 | 13-15 | 16-18 || total
---------------------------+-------+-------+-------+-------+-------+-------++-------
  Melee: War axe           |    72 |    83 |       |       |       |       ||   155
         Headbutt          |    13 |    16 |    48 |    86 |   184 |   423 ||   770
         Whip              |       |    30 |   323 |       |       |       ||   353
         Dire flail        |       |       |    13 |   424 |   855 |    19 ||  1311
         Demon whip        |       |       |       |       |       |  1275 ||  1275
 Invoke: Stomp             |       |     1 |     3 |    12 |    12 |     1 ||    29
         Line Pass         |       |       |       |       |     2 |       ||     2
         Grand Finale      |       |       |       |       |     2 |       ||     2
  Evoke: Wand              |       |       |     1 |     6 |     5 |    30 ||    42
         Lightning rod     |       |       |     1 |     4 |    14 |    18 ||    37
         Phial of floods   |       |       |       |     1 |       |       ||     1
         Box of beasts     |       |       |       |       |     1 |     3 ||     4
         Phantom mirror    |       |       |       |       |       |     1 ||     1
    Use: Potion            |       |     1 |       |     1 |     6 |    12 ||    20
         Scroll            |       |       |    14 |    12 |     9 |    14 ||    49
   Stab: Paralysed         |       |     1 |    13 |    33 |    65 |   103 ||   215
         Distracted        |       |       |       |       |       |     1 ||     1
 Armour: Scale mail        |    41 |       |       |   175 |   214 |       ||   430
         Plate armour      |     3 |    93 |   223 |    65 |   560 |   967 ||  1911
  Dodge: Dodged            |    35 |    48 |    64 |   191 |   388 |   267 ||   993
  Block: Buckler           |    14 |    25 |    59 |       |       |       ||    98
         Tower shield      |       |       |       |       |       |   734 ||   734
         Reflection        |       |       |       |       |       |   110 ||   110

Table legend: (Time is in decaauts)
 A = Elapsed time spent in this place.
 B = Non-inter-level travel time spent in this place.
 C = Inter-level travel time spent in this place.
 D = Time resting spent in this place.
 E = Time spent auto-exploring this place.
 F = Levels seen in this place.
 G = Mean time per level.
                   A        B        C        D        E       F      G
               +--------+--------+--------+--------+--------+-----+--------+
         Total |  35434 |  24744 |  10690 |   7931 |   9812 |  32 | 1107.3 |
       Dungeon |  13737 |   9597 |   4140 |   1973 |   5408 |  14 |  981.2 |
          Lair |   5530 |   3652 |   1878 |    645 |   2199 |   5 | 1106.0 |
        Shoals |   6206 |   4252 |   1954 |   2216 |    476 |   4 | 1551.5 |
   Spider Nest |   7209 |   5677 |   1532 |   2664 |   1728 |   4 | 1802.2 |
  Orcish Mines |   1888 |    705 |   1183 |    325 |      0 |   2 |  944.0 |
         Abyss |     19 |     19 |      0 |      0 |      0 |   1 |   19.0 |
         Sewer |    604 |    604 |      0 |      0 |      0 |   1 |  604.0 |
        Bailey |    236 |    236 |      0 |    108 |      0 |   1 |  236.0 |
               +--------+--------+--------+--------+--------+-----+--------+

Top non-repeatable levels by time:
Spider:3: 2517 daAuts
Spider:1: 2148 daAuts
Shoals:3: 1686 daAuts
Shoals:1: 1658 daAuts
  Lair:5: 1597 daAuts
Spider:4: 1571 daAuts
Shoals:4: 1468 daAuts
    D:12: 1436 daAuts
     D:8: 1396 daAuts
Shoals:2: 1392 daAuts
    D:11: 1341 daAuts
    D:13: 1193 daAuts
  Lair:1: 1130 daAuts
   Orc:2: 1063 daAuts
  Lair:2: 1026 daAuts
